 Dungeon Crawl Stone Soup version 0.31.0-11-ge490571c62 (webtiles) character file.

Game seed: 12333301757383548313

444 qw the Shooter (level 6, -1/30 HPs)
             Began as a Spriggan Hunter on Feb 4, 2024.
             Was an Initiate of Okawaru.
             Slain by a scorpion (2 damage)
             ... on level 5 of the Dungeon.
             The game lasted 00:00:13 (2980 turns).

qw the Shooter (Spriggan Hunter)                    Turns: 2980, Time: 00:00:13

Health: -1/30      AC:  3    Str:  7    XL:     6   Next: 72%
Magic:  7/7        EV: 21    Int: 10    God:    Okawaru [......]
Gold:   297        SH:  0    Dex: 21    Spells: 5/5 levels left

rFire   . . .        a - +0 shortbow
rCold   . . .        (shield currently unavailable)
rNeg    . . .        c - +0 robe
rPois   .            (helmet restricted)
rElec   .            d - +0 cloak
rCorr   .            (gloves unavailable)
SInv    +            (boots unavailable)
Will    +....        (no amulet)
Stlth   ++           (no ring)
HPRegen 0.25/turn    (no ring)
MPRegen 0.10/turn

%: no passive effects
@: lethally poisoned (-1 -> -10), about to teleport, very quick
A: very small, no large weapons, unfitting armour, see invisible, speed 3
a: Renounce Religion


You were on level 5 of the Dungeon.
You worshipped Okawaru.
Okawaru was noncommittal.
You visited 2 branches of the dungeon, and saw 6 of its levels.

You collected 297 gold pieces.


Innate Abilities, Weirdness & Mutations

You are very small and have problems with some larger weapons.
You are too small for most types of armour.
You have supernaturally acute eyesight. (SInv)
You cover ground extremely quickly. (Speed+++)


   Skills:
 - Level 2.0 Fighting
 + Level 6.8 Ranged Weapons
 - Level 6.0 Dodging
 - Level 1.5 Stealth


You had 5 spell levels left.
You didn't know any spells.
Your spell library was empty.

Inventory:

Hand Weapons
 a - a +0 shortbow (weapon)
Armour
 c - a +0 robe (worn)
 d - a +0 cloak (worn)
Wands
 b - a wand of roots (6)
 f - a wand of paralysis (4)
Scrolls
 g - 2 scrolls of teleportation
 i - 2 scrolls of identify
Potions
 e - a potion of cancellation
 h - a potion of mutation
 j - a potion of enlightenment

Dungeon Overview and Level Annotations

Branches:
Dungeon (5/15)             Temple (1/1) D:5

Altars:
Ashenzari
Dithmenos
Elyvilon
Fedhas
Gozag
Hepliaklqana
Kikubaaqudgha
Makhleb
Nemelex Xobeh
Okawaru
Qazlal
Ru
Sif Muna
Trog
Uskayaw
Vehumet
Wu Jian
Xom
Yredelemnul
Zin
The Shining One

Shops:
D:1 !   D:4 [[


Message History

The jackal bites you but does no damage.
You shoot an arrow. The arrow hits the jackal!
You kill the jackal!
Okawaru accepts your kill.
You feel sick.
The jackal closely misses you. x2; The jackal barely misses you.
You shoot an arrow. The arrow hits the jackal.
The jackal is severely wounded.
You feel sick.
You are no longer poisoned.
The jackal closely misses you. The jackal bites you.
The jackal bites you but does no damage.
2974 ||| READING 4 scrolls of teleportation.
As you read the scroll of teleportation, it crumbles to dust.
You feel strangely unstable. The jackal completely misses you.
The jackal closely misses you.
You shoot an arrow. The arrow closely misses the jackal.
The jackal misses you. The jackal closely misses you.
The jackal completely misses you. The jackal closely misses you.
You shoot an arrow. The arrow hits the jackal!
You kill the jackal!
Okawaru accepts your kill. The jackal misses you.
You shoot an arrow. The arrow hits the jackal.
The jackal is almost dead.
Your surroundings suddenly seem different.
A scorpion comes into view.
Found 12 gold pieces, a pair of gloves and a wand of paralysis (12).
Found an escape hatch in the floor.
2978 ||| READING 3 scrolls of teleportation.
As you read the scroll of teleportation, it crumbles to dust.
You feel strangely unstable.
You shoot an arrow. The arrow hits the scorpion!
The scorpion is heavily wounded.
The scorpion stings you.
You are lethally poisoned!
The scorpion poisons you! The scorpion completely misses you.
You shoot an arrow. The arrow barely misses the scorpion.
You feel very sick. The scorpion stings you.
You die...

..#.#..... ........##
.......... .........#
###......... ..../.....
..........>
.........######.....##..
#...........##.....##..
#.......[...# #.......
#...........####.......
#@.....#..........
#.s......#....#.....
................#.....
.........(..........#+#.
........##..........#...
........##..........#..+
....>................:..
....##...............7.7
............>.


You could see a scorpion.

Vanquished Creatures
  A sky beast (D:4)
  A phantom (D:4)
  A scorpion (D:5)
  A hound (D:4)
  An orc priest (D:4)
  Jessica (D:3)
  An iguana (D:4)
  4 adders
  2 dart slugs (D:2)
  A ribbon worm (D:3)
  7 orcs
  3 bats
  4 endoplasms
  4 giant cockroaches
  9 goblins
  3 hobgoblins (D:4)
  3 jackals (D:5)
  7 kobolds
  4 ball pythons
  2 frilled lizards
  6 rats
66 creatures vanquished.

Notes
Turn   | Place    | Note
-------+----------+-------------------------------------------
     0 | D:1      | qw the Spriggan Hunter began the quest for the Orb.
     0 | D:1      | Reached XP level 1. HP: 10/10 MP: 2/2
     0 | D:1      | 0 ||| qw: Version: 0.3-a-160-g6735b56
     0 | D:1      | 0 ||| qw: Game counter: 5362
     0 | D:1      | 0 ||| qw: Melee chars always use a shield: true
     0 | D:1      | 0 ||| qw: God list: Okawaru
     0 | D:1      | 0 ||| qw: Allow faded altars: false
     0 | D:1      | 0 ||| qw: Do Orc after clearing Dungeon:15 true
     0 | D:1      | 0 ||| qw: Do second Lair branch before Depths: true
     0 | D:1      | 0 ||| qw: Lair rune preference: random
     0 | D:1      | 0 ||| qw: Goals: Normal
     0 | D:1      | 0 ||| PLANNING D:1-11
    74 | D:1      | Reached skill level 3 in Dodging
   157 | D:1      | You fall into a shaft and drop 1 floor!
   162 | D:2      | 162 ||| FLEEEEING.
   163 | D:2      | 163 ||| READING scroll labelled HISENAILUAPI.
   163 | D:2      | Found an ancient bone altar of Kikubaaqudgha.
   164 | D:2      | 164 ||| READING scroll labelled QISUHI CISMAIS.
   165 | D:2      | 165 ||| READING scroll labelled EKOFUI TESYIPP.
   166 | D:2      | 166 ||| READING 2 scrolls labelled NOYPIJE ATWIC.
   167 | D:2      | 167 ||| FLEEEEING.
   168 | D:2      | 168 ||| FLEEEEING.
   170 | D:2      | 170 ||| DROPPING scroll of butterflies.
   217 | D:2      | 217 ||| FLEEEEING.
   219 | D:2      | 219 ||| FLEEEEING.
   221 | D:2      | 221 ||| FLEEEEING.
   223 | D:2      | 223 ||| FLEEEEING.
   225 | D:2      | 225 ||| FLEEEEING.
   227 | D:2      | 227 ||| FLEEEEING.
   229 | D:2      | 229 ||| FLEEEEING.
   230 | D:2      | 230 ||| FLEEEEING.
   231 | D:2      | 231 ||| FLEEEEING.
   232 | D:2      | 232 ||| FLEEEEING.
   233 | D:2      | 233 ||| FLEEEEING.
   234 | D:2      | 234 ||| FLEEEEING.
   235 | D:2      | 235 ||| FLEEEEING.
   237 | D:2      | 237 ||| FLEEEEING.
   239 | D:2      | 239 ||| FLEEEEING.
   240 | D:2      | 240 ||| FLEEEEING.
   241 | D:2      | 241 ||| FLEEEEING.
   242 | D:2      | 242 ||| FLEEEEING.
   244 | D:2      | 244 ||| FLEEEEING.
   322 | D:1      | Found Nymant's Distillery.
   324 | D:1      | Reached XP level 2. HP: 14/14 MP: 3/3
   335 | D:1      | 335 ||| SHOPLISTING 2 potions of curing (60 gold, have 59).
   531 | D:1      | 531 ||| UPGRADING to +0 cloak.
  1176 | D:2      | 1176 ||| READING 2 scrolls labelled SEAMMEX BORO.
  1176 | D:2      | 1176 ||| IDENTIFYING golden potion
  1177 | D:2      | 1177 ||| READING scroll of identify.
  1177 | D:2      | 1177 ||| IDENTIFYING ruby potion
  1178 | D:2      | 1178 ||| READING scroll labelled QUEGIM XOCEPOU.
  1179 | D:2      | 1179 ||| DROPPING potion of ambrosia.
  1280 | D:3      | Identified the +5 great sword "Wonis" {speed, rPois rC- rN+
                  | Dex+3}
  1289 | D:3      | Reached XP level 3. HP: 18/18 MP: 4/4
  1524 | D:3      | Noticed Jessica
  1528 | D:3      | Killed Jessica
  1529 | D:3      | Reached XP level 4. HP: 22/22 MP: 5/5
  1825 | D:3      | 1825 ||| DROPPING scarf of shadows.
  1826 | D:3      | 1826 ||| READING scroll of identify.
  1826 | D:3      | 1826 ||| IDENTIFYING fuming ruby potion
  1864 | D:4      | Found Voozeal's Antique Armour Shoppe.
  1935 | D:4      | Noticed a phantom
  1948 | D:4      | Killed a phantom
  1949 | D:4      | Reached skill level 6 in Dodging
  1949 | D:4      | Reached XP level 5. HP: 25/25 MP: 6/6
  1949 | D:4      | Found Ruylites's Antique Armour Boutique.
  1957 | D:4      | 1957 ||| SHOPLISTING runed hat (231 gold, have 229).
  2180 | D:4      | 2180 ||| FLEEEEING.
  2181 | D:4      | 2181 ||| FLEEEEING.
  2183 | D:4      | 2183 ||| FLEEEEING.
  2184 | D:4      | 2184 ||| FLEEEEING.
  2308 | D:4      | Found a sacrificial altar of Ru.
  2378 | D:4      | Noticed a sky beast
  2379 | D:4      | 2379 ||| ZAPPING wand of paralysis (5) at -1,-7 (sky beast;
                  | floor).
  2387 | D:4      | Killed a sky beast
  2388 | D:4      | Reached skill level 6 in Ranged Weapons
  2388 | D:4      | Reached XP level 6. HP: 30/30 MP: 7/7
  2464 | D:4      | Found a sparkling altar of Nemelex Xobeh.
  2837 | D:4      | 2837 ||| READING scroll of identify.
  2837 | D:4      | 2837 ||| IDENTIFYING blue potion
  2846 | D:5      | Entered Level 5 of the Dungeon
  2861 | D:5      | Found a staircase to the Ecumenical Temple.
  2863 | D:5      | 2863 ||| PLANNING TEMPLE
  2869 | Temple   | Entered the Ecumenical Temple
  2870 | Temple   | 2870 ||| PLANNING OKAWARU WORSHIP
  2877 | Temple   | Became a worshipper of Warmaster Okawaru
  2878 | Temple   | 2878 ||| PLANNING D:1-11
  2973 | D:5      | HP: 6/30 [jackal (3)]
  2974 | D:5      | 2974 ||| READING 4 scrolls of teleportation.
  2978 | D:5      | 2978 ||| READING 3 scrolls of teleportation.
  2979 | D:5      | HP: 5/30 [scorpion (3)]
  2980 | D:5      | HP: 1/30 [poisoned by a scorpion]
  2980 | D:5      | Slain by a scorpion

Levels and vault maps discovered:
D:1:      onia_arrival_pentagram, layout_rooms, serial_shops, shop
D:2:      layout_basic, basic_altar
D:3:      layout_loops_ring, st_stairs_7, serial_bayou_lake_a, uniq_jessica
D:4:      layout_basic, nemelex_spade_bored_becter,
          nicolae_ru_sacrificial_ziggurat, serial_shops, shop,
          minmay_shop_grid_forest, st_stairs_9, minmay_manual_mess
D:5:      layout_basic, minmay_temple_entry_trees,
          hangedman_decor_diamond_cutter, minmay_fountain_box
Temple:   nicolae_temple_bog_church

Skill      XL: |  1  2  3  4  5 |
---------------+----------------+-----
Dodging        | 3 4 6 |  6.0
Ranged Weapons | 5 6 |  6.8
Fighting       | 2 |  2.0
Stealth        | |  1.5

Action                     |  1- 3 |  4- 6 || total
---------------------------+-------+-------++-------
   Fire: Shortbow          |    67 |   147 ||   214
  Evoke: Wand              |       |     1 ||     1
    Use: Scroll            |     7 |     4 ||    11
 Armour: Robe              |     3 |    36 ||    39
  Dodge: Dodged            |     3 |   159 ||   162

Table legend:
 A = Non-vault XP
 B = Vault XP
 C = Vault XP percentage of total XP
 D = Non-vault monster count
 E = Vault monster count
 F = Vault count percentage of total count
                 A         B        C        D         E       F
            +---------+---------+-------+---------+---------+-------
      Total |     499 |     136 |  21.4 |      58 |       8 |  12.1
            +---------+---------+-------+---------+---------+-------
        D:1 |      15 |       0 |   0.0 |      10 |       0 |   0.0
        D:2 |      16 |       0 |   0.0 |       8 |       0 |   0.0
        D:3 |      33 |      39 |  54.2 |      12 |       2 |  14.3
        D:4 |     342 |      97 |  22.1 |      24 |       6 |  20.0
        D:5 |      93 |       0 |   0.0 |       4 |       0 |   0.0
            +---------+---------+-------+---------+---------+-------
